cohdb
Replays
Latest Replays
All Replays
Popular Replays
Top Player Replays
Match Explorer
How It Works
Community
CoH3 Stats
Reddit
Sign in to upload your games and track your stats! →
Sign in with Steam
Match 41527633
Unlisted
Match 41527633
Overview
Messages
Build Orders
End
Royal Engineer Section
Construct Section Command Post
Dingo Light Scout Car
Selects Canadian Shock Battlegroup
Infantry Section
Selects Attacking Spirit
Construct Platoon Command Post
Selects Canadian Shock Section
Canadian Shock Section
Construct Company Command Post
Selects Incendiary Munitions
Selects Pyrotechnics
Canadian Shock Section
Crusader II Medium Tank
6-pounder Anti-tank Gun Team
Crusader II Medium Tank
Armored Vehicle Training
Royal Engineer Section
Royal Engineer Section
nidjo
Falafel
Cipher7442
vonAJ
Kumaccio
El Mango
Ueshiba
Celodur
0
0
Comments
sign in to comment!
No comments posted yet!